 Dungeon Crawl Stone Soup version 0.31-a0-152-g6aa68a64a1 (webtiles) character file.

Game seed: 3468856223323549631

81 kae the Changer (level 4, -20/35 HPs)
             Began as a Draconian Transmuter on June 9, 2023.
             Killed by an exploding butterfly (21 damage)
             ... ignited by their inner flame
             ... on level 4 of the Dungeon.
             The game lasted 00:01:41 (2526 turns).

kae the Changer (Draconian Transmuter)              Turns: 2526, Time: 00:01:41

Health: -20/35     AC:  5    Str: 12    XL:     4   Next: 20%
Magic:  0/8        EV: 12    Int: 15    God:
Gold:   185        SH:  0    Dex: 12    Spells: 2/8 levels left

rFire   . .          .
                       - Unarmed
rCold   . . .        (no shield)
rNeg    . . .        (body armour unavailable)
rPois   .            (helmet restricted)
rElec   .            (no cloak)
rCorr   .            (no gloves)
SInv    .            (no boots)
Will    .....        G - amulet of guardian spirit
Stlth   +            (no ring)
HPRegen 0.25/turn    (no ring)
MPRegen 0.11/turn

%: guardian spirit
@: no status effects
A: AC +5, unfitting armour, cold-blooded
a: no special abilities


You were on level 4 of the Dungeon.
You visited 1 branch of the dungeon, and saw 4 of its levels.

You collected 185 gold pieces.


Innate Abilities, Weirdness & Mutations

Your plain brown scales are hard. (AC +5)
You cannot fit into any form of body armour.
You are cold-blooded and may be slowed by cold attacks.


   Skills:
 - Level 1.1 Fighting
 - Level 1.7 Dodging
 - Level 3.0 Unarmed Combat
 + Level 2.7 Spellcasting
 * Level 3.6 Transmutations
 * Level 1.4 Poison Magic


You had 2 spell levels left.
You knew the following spells:

 Your Spells              Type           Power      Damage    Failure   Level
a - Beastly Appendage     Tmut           24%        N/A       4%          1
b - Wereblood             Tmut           12%        N/A       7%          2
c - Spider Form           Tmut/Pois      9%         N/A       22%         3

Your spell library contained the following spells:

 Spells                   Type           Power      Damage    Failure   Level
 Ice Form                 Ice/Tmut       7%         N/A       69%         4

Inventory:

Missiles
 b - 37 stones
 m - 2 poisoned darts
Jewellery
 k - an amulet of reflection
   (You found it on level 2 of the Dungeon)
 G - an amulet of guardian spirit (around neck)
   (You found it on level 2 of the Dungeon)
Wands
 f - a wand of acid (4)
   (You found it on level 2 of the Dungeon)
Scrolls
 e - a scroll of blinking {!r}
 g - a scroll of teleportation {@r4}
Potions
 a - 2 potions of lignification {!q}
 d - a potion of mutation {unknown}
 l - a potion of enlightenment

Dungeon Overview and Level Annotations

Branches:
Dungeon (4/15) Zot: 21481
 Temple: D:4-7

Altars:
Ashenzari

*,,,,,,,,,,,,,***,,
#§§§§§§§§§,,,,,,***
*§§§§§§§§§,**,,,,,*
*§§§§§§§§§,***,,*,*
*§§§§§§§§§,,,,,,,,,
*#§§§§§§§§****,,,,,
####§§§§§§§§** *,,,,,
###§§§§§§§§.§§,* *,,,,,
#§§§§§@§§§§§§§,***,,,,,
#§§§.b§§§§§§§§,,,*,,,,,
#§§#+#§§§§§§§§,*,,,,,,,
#§,+_+§§§.§§§§,*,,,,,,,
*,,*+#§§§§§§§§**,*,,,,,
*,,,,§§§§§§§§#,,,***,**
*,,,,§§####§##,*****,**
*****### *,§§,,*,,,,,*
*,,,,*,,*****


There were no monsters in sight!


Message History

You climb downwards.
There is a stone staircase leading up here.
Okay, then.
As you read the scroll labelled GUETIKH IXOATS, it crumbles to dust.
You hear the flapping of tiny wings.
It was a scroll of butterflies.
Blink to where?
Press: ? - help, Dir - move target, f - you Are you sure you want to cancel this blink?
Okay, then.
As you read the scroll labelled HOROORRORU, it crumbles to dust.
It was a scroll of blinking.
As you read the scroll labelled JIWURU UPRAUCK, it crumbles to dust.
The creatures around you are filled with an inner flame!
It was a scroll of immolation.
Unknown command.
As you read the scroll labelled JOMIAM WOIMUO, it crumbles to dust.
It is a scroll of enchant armour.
You aren't carrying any armour which can be enchanted further.
As you read the scroll labelled MYEMURURRE, it crumbles to dust.
It is a scroll of identify.
l - a potion of enlightenment The air fills with toxic fumes!
As you read the scroll labelled SOULIB RAKLUIL, it crumbles to dust.
It was a scroll of poison.
Your butterfly is engulfed in poison gas.
Your butterfly is poisoned.
Your butterfly disappears in a burst of colours!
The fiery explosion engulfs your butterfly!!!
Your butterfly disappears in a burst of colours!
The fiery explosion engulfs your butterfly!!
Your butterfly disappears in a burst of colours!
The fiery explosion engulfs your butterfly!!
Your butterfly disappears in a burst of colours!
The fiery explosion engulfs your butterfly!
Your butterfly disappears in a burst of colours!
The fiery explosion engulfs your butterfly!!
Your butterfly disappears in a burst of colours!
The fiery explosion engulfs your butterfly!!
Your butterfly disappears in a burst of colours!
The fiery explosion engulfs your butterfly!
Your butterfly disappears in a burst of colours!
The fiery explosion engulfs your butterfly!!
Your butterfly disappears in a burst of colours!
The fiery explosion engulfs your butterfly!
Your butterfly disappears in a burst of colours!
The fiery explosion engulfs you!
The fiery explosion engulfs your butterfly!!
Your butterfly disappears in a burst of colours!
The fiery explosion engulfs you!!
Ouch! That really hurt!
* * * LOW HITPOINT WARNING * * *
The fiery explosion engulfs your butterfly.
Your butterfly disappears in a burst of colours!
The fiery explosion engulfs your butterfly!!
Your butterfly disappears in a burst of colours!
The fiery explosion engulfs your butterfly!!
Your butterfly disappears in a burst of colours!
The fiery explosion engulfs your butterfly!!
Your butterfly disappears in a burst of colours!
The fiery explosion engulfs your butterfly!!
Your butterfly disappears in a burst of colours!
The fiery explosion engulfs your butterfly!!
Your butterfly disappears in a burst of colours!
The fiery explosion engulfs your butterfly!
Your butterfly disappears in a burst of colours!
The fiery explosion engulfs your butterfly!!
Your butterfly disappears in a burst of colours!
The fiery explosion engulfs your butterfly!!
Your butterfly disappears in a burst of colours!
The fiery explosion engulfs your butterfly!!
Your butterfly disappears in a burst of colours!
The fiery explosion engulfs your butterfly!!
Your butterfly disappears in a burst of colours!
The fiery explosion engulfs your butterfly!!
Your butterfly disappears in a burst of colours!
The fiery explosion engulfs your butterfly!!
Your butterfly disappears in a burst of colours!
The fiery explosion engulfs your butterfly!!
Your butterfly disappears in a burst of colours!
The fiery explosion engulfs your butterfly!!
Your butterfly disappears in a burst of colours!
The fiery explosion engulfs your butterfly!!
Your butterfly disappears in a burst of colours!
The fiery explosion engulfs your butterfly!!
Your butterfly disappears in a burst of colours!
The fiery explosion engulfs your butterfly!!
Your butterfly disappears in a burst of colours!
The fiery explosion engulfs your butterfly!!
Your butterfly disappears in a burst of colours!
The fiery explosion engulfs your butterfly!!
Your butterfly disappears in a burst of colours!
The fiery explosion engulfs your butterfly!!
Your butterfly disappears in a burst of colours!
The fiery explosion engulfs your butterfly!!
Your butterfly disappears in a burst of colours!
The fiery explosion engulfs your butterfly!!
Your butterfly disappears in a burst of colours!
The fiery explosion engulfs you!!
Ouch! That really hurt!
You die...

Skill      XL: |  1  2  3 |
---------------+----------+-----
Transmutations | 3 |  3.6
Poison Magic   | 1 |  1.4
Fighting       | |  1.1
Dodging        | |  1.7
Unarmed Combat | |  3.0
Spellcasting   | |  2.7

Action                     |  1- 3 |  4- 6 || total
---------------------------+-------+-------++-------
  Melee: Unarmed           |   140 |    20 ||   160
         Kick              |    19 |     7 ||    26
         Headbutt          |    11 |     4 ||    15
         Punch             |     2 |     3 ||     5
         Tailslap          |     6 |     2 ||     8
   Cast: Beastly Appendage |    28 |     7 ||    35
    Use: Scroll            |       |    10 ||    10
   Stab: Sleeping          |     1 |       ||     1
 Armour: Skin              |    39 |     3 ||    42
  Dodge: Dodged            |    88 |     9 ||    97

Levels and vault maps discovered:
D:1:      mrwooster_arrival_statue, layout_basic, dk_noncrumbling_2,
          chequers_serial_rivers_micro_e
D:2:      layout_loops_ring
D:3:      layout_basic, lemuel_doored_altar, grunt_decor_resistance
D:4:      layout_rooms, mainiacjoe_overflow_paths, kennysheep_mini_moat

Notes
Turn   | Place    | Note
-------+----------+-------------------------------------------
     0 | D:1      | kae the Draconian Transmuter began the quest for the Orb.
     0 | D:1      | Reached XP level 1. HP: 16/16 MP: 3/3
     0 | D:1      | magus.rc [v1.11.3]
    79 | D:1      | Reached XP level 2. HP: 23/23 MP: 3/5
   441 | D:1      | Reached skill level 3 in Transmutations
   841 | D:1      | Reached XP level 3. HP: 28/28 MP: 6/6
   844 | D:1      | Learned a level 2 spell: Wereblood
   848 | D:1      | Learned a level 3 spell: Spider Form
  1623 | D:2      | Reached skill level 1 in Poison Magic
  1803 | D:3      | Reached XP level 4. HP: 29/35 MP: 4/7
  1937 | D:3      | Found a broken altar of Ashenzari.
  2526 | D:4      | HP: 1/35 [spore (21)]
  2526 | D:4      | Killed by an exploding butterfly... ignited by their inner
                  | flame

Vanquished Creatures
  2 adders
  2 worms
  2 dart slugs (D:1)
  An orc (D:3)
  6 bats
  7 endoplasms
  A giant cockroach (D:1)
  5 goblins
  10 kobolds
  3 quokkas
  A ball python (D:1)
  5 frilled lizards
  5 rats
50 creatures vanquished.

Table legend:
 A = Non-vault XP
 B = Vault XP
 C = Vault XP percentage of total XP
 D = Non-vault monster count
 E = Vault monster count
 F = Vault count percentage of total count
                 A         B        C        D         E       F
            +---------+---------+-------+---------+---------+-------
      Total |     117 |       0 |   0.0 |      50 |       0 |   0.0
            +---------+---------+-------+---------+---------+-------
        D:1 |      42 |       0 |   0.0 |      23 |       0 |   0.0
        D:2 |      36 |       0 |   0.0 |      13 |       0 |   0.0
        D:3 |      37 |       0 |   0.0 |      13 |       0 |   0.0
        D:4 |       2 |       0 |   0.0 |       1 |       0 |   0.0
            +---------+---------+-------+---------+---------+-------

Skill      XL: |  1  2  3 |
---------------+----------+-----
Transmutations | 3 |  3.6
Poison Magic   | 1 |  1.4
Fighting       | |  1.1
Dodging        | |  1.7
Unarmed Combat | |  3.0
Spellcasting   | |  2.7

Action                     |  1- 3 |  4- 6 || total
---------------------------+-------+-------++-------
  Melee: Unarmed           |   140 |    20 ||   160
         Kick              |    19 |     7 ||    26
         Headbutt          |    11 |     4 ||    15
         Punch             |     2 |     3 ||     5
         Tailslap          |     6 |     2 ||     8
   Cast: Beastly Appendage |    28 |     7 ||    35
    Use: Scroll            |       |    10 ||    10
   Stab: Sleeping          |     1 |       ||     1
 Armour: Skin              |    39 |     3 ||    42
  Dodge: Dodged            |    88 |     9 ||    97

Illustrated notes

Table legend:
 A = Kills in this place as a percentage of kills in the entire game.
 B = Kills by you in this place as a percentage of kills by you in the entire game.
 C = Kills by friends in this place as a percentage of kills by friends in the entire game.
 D = Other kills in this place as a percentage of other kills in the entire game.
 E = Experience gained in this place as a percentage of experience gained in the entire game.
 F = Experience gained in this place divided by the number of levels of this place that you have seen.
                   A       B       C       D       E      F
               +-------+-------+-------+-------+-------+----------------------
         Total | 100.0 | 100.0 |   N/A |   N/A | 100.0 |  29.2
       Dungeon | 100.0 | 100.0 |   N/A |   N/A | 100.0 |  29.2
               +-------+-------+-------+-------+-------+----------------------

Table legend: (Time is in decaauts)
 A = Elapsed time spent in this place.
 B = Non-inter-level travel time spent in this place.
 C = Inter-level travel time spent in this place.
 D = Time resting spent in this place.
 E = Time spent auto-exploring this place.
 F = Levels seen in this place.
 G = Mean time per level.
                   A        B        C        D        E       F      G
               +--------+--------+--------+--------+--------+-----+--------+
         Total |   2517 |   2417 |    100 |      0 |   1982 |   4 |  629.2 |
       Dungeon |   2517 |   2417 |    100 |      0 |   1982 |   4 |  629.2 |
               +--------+--------+--------+--------+--------+-----+--------+

Top non-repeatable levels by time:
     D:1: 892 daAuts
     D:3: 834 daAuts
     D:2: 768 daAuts
     D:4: 22 daAuts
